 Dungeon Crawl Stone Soup version 0.22-a0-407-gb098539 (webtiles) character file.

194 dstrtnsr the Ruffian (level 5, -1/53 HPs)
             Began as a Troll Fighter on May 10, 2018.
             Killed by divine providence
             ... invoked by an orc priest
              (9 damage)
             ... on level 4 of the Dungeon.
             The game lasted 00:01:11 (854 turns).

dstrtnsr the Ruffian (Troll Fighter)                 Turns: 854, Time: 00:01:12

Health: -1/53      AC:  5    Str: 25    XL:     5   Next: 44%
Magic:  4/4        EV:  8    Int:  4    God:
Gold:   116        SH:  8    Dex:  9    Spells: 4/4 levels left

rFire    . . .     SeeInvis .     - Unarmed
rCold    . . .     Gourm    +   b - +0 shield
rNeg     . . .     Faith    .   a - +0 robe
rPois    .         Spirit   .   (helmet restricted)
rElec    .         Reflect  .   (no cloak)
rCorr    .         Harm     .   (gloves unavailable)
MR       .....                  (boots unavailable)
Stlth    +.........             (no amulet)
HPRegen  0.57/turn              (no ring)
MPRegen  0.09/turn              (no ring)

@: very slightly contaminated
A: large, unfitting armour, claws 3, fast metabolism 3, gourmand, regeneration
1, shaggy fur 1, tough skin 2
a: no special abilities


You were on level 4 of the Dungeon.
You were not hungry.

You visited 1 branch of the dungeon, and saw 4 of its levels.

You collected 116 gold pieces.

Inventory:

Armour
 a - a +0 robe (worn)
 b - a +0 shield (worn)
Jewellery
 i - a +2 ring of strength {unknown}
Potions
 c - a potion of might
 g - 3 potions of curing {@q1}
 j - a potion of haste {unknown}
 k - a potion of mutation {unknown}
Comestibles
 e - 6 rations {!d}


   Skills:
 + Level 3.5 Fighting
 - Level 2.4 Dodging
 - Level 2.4 Shields
 * Level 4.8 Unarmed Combat


You had 4 spell levels left.
You didn't know any spells.

Dungeon Overview and Level Annotations

Branches:
Dungeon (4/15)
 Temple: D:4-7

Altars:


Innate Abilities, Weirdness & Mutations

You are too large for most types of armour.
You have claws for hands.
Your metabolism is lightning-fast.
You like to eat raw meat.
Your natural rate of healing is unusually fast.
You are covered in fur. (AC +1)
You have very tough skin. (AC +2)


Message History

g - 3 lumpy green potions (gained 1)
Found a mace.
Found 23 stones.
Found a stone staircase leading down.
Found a pair of gloves.
An orc comes into view.
Found 16 gold pieces.
An orc is nearby!
An orc comes into view. It is wielding a trident.
The orc shouts!
An orc comes into view.
An orc priest comes into view. It is wielding a short sword.
The orc priest shouts!
The orc priest calls down the wrath of Beogh upon you.
Beogh smites you!
You hear a shout!
A giant cockroach comes into view.
You see here a blue potion.
An orc comes into view.
The orc shouts! x2
You block the orc's attack.
Found an escape hatch in the floor.
You closely miss the orc. The orc hits you but does no damage.
You scratch the orc.
The orc is heavily wounded.
The orc hits you from afar with a trident.
The orc hits you.
You scratch the orc.
The orc is almost dead.
The orc hits you but does no damage. You block the orc's attack.
The orc closely misses you.
You closely miss the orc.
The orc is almost dead.
The orc hits you but does no damage. You block the orc's attack. x2
You scratch the orc.
You kill the orc!
The giant cockroach bites you but does no damage.
The orc barely misses you. You block the orc's attack.
You scratch the orc priest.
The orc priest is lightly wounded.
You block the giant cockroach's attack.
The orc priest hits you with a short sword.
The orc barely misses you. The orc closely misses you.
The giant cockroach bites you.
You scratch the orc priest.
The orc priest is moderately wounded.
You block the orc priest's attack. You block the orc's attack.
The giant cockroach bites you but does no damage.
The orc hits you but does no damage.
You scratch the orc priest.
The orc priest is severely wounded.
The orc priest mumbles some strange prayers to Beogh against you.
Beogh smites you! The orc hits you but does no damage.
You block the giant cockroach's attack. You block the orc's attack.
You barely miss the orc priest.
The orc priest is severely wounded.
The orc priest calls down the wrath of Beogh upon you.
Beogh smites you! The orc closely misses you.
You block the giant cockroach's attack.
The orc hits you from afar with a trident.
* * * LOW HITPOINT WARNING * * *
The orc priest hits you but does no damage.
You are too injured to fight recklessly!
You are too injured to fight recklessly!
You are too injured to fight recklessly!
You are too injured to fight recklessly!
You are too injured to fight recklessly!
You are too injured to fight recklessly!
You are too injured to fight recklessly!
You are too injured to fight recklessly!
You are too injured to fight recklessly!
You are too injured to fight recklessly!
You are too injured to fight recklessly!
You are too injured to fight recklessly!
You are too injured to fight recklessly!
You are too injured to fight recklessly!
Unknown command.
The giant cockroach bites you but does no damage.
You see here a blue potion.
You block the giant cockroach's attack.
Okay, then.
As you read the scroll labeled EVENLE DALUNGE, it crumbles to dust.
You hear a lullaby played backwards.
It was a scroll of random uselessness.
The orc closely misses you. The orc hits you but does no damage.
As you read the scroll labeled QURULAYSTIAST, it crumbles to dust.
It is a scroll of identify.
g - 3 potions of curing You block the orc's attack.
Blink to where?
Press: ? - help, Dir - move target cursor You are very lightly contaminated with residual magic.
As you read the scroll labeled WUSENA COEKANA, it crumbles to dust.
It was a scroll of blinking.
The orc priest invokes the aid of Beogh against you.
Pain shoots through your body!
* * * LOW HITPOINT WARNING * * *
Unknown command.
The orc priest calls down the wrath of Beogh upon you.
Beogh smites you!
You die...

### # ## ... ..
.. ..# ... #.
#.# #..#.# #.#
.....##.#
#.#..##@#
###.......# #
.##......$.####
.....#.......#
##
.....#.#o..#.#
..
.....#.o...#.##
.##
......o........
.......... ...
...>.#.o##.#..#
........ .. ...
#.o##o#..#
#.#....# .##


You could see an orc priest and 2 orcs.

Vanquished Creatures
  An ogre (D:4)
  An orc wizard (D:3)
  Jessica (D:2)
  An adder (D:2)
  A shadow imp (D:3)
  An ooze (D:2)
  A worm (D:3)
  A leopard gecko (D:2)
  6 orcs
  A ball python (D:3)
  3 bats
  A giant cockroach (D:2)
  2 hobgoblins
  2 frilled lizards
  2 kobolds
  2 rats (D:3)
27 creatures vanquished.

Notes
Turn   | Place    | Note
-------+----------+-------------------------------------------
     0 | D:1      | dstrtnsr the Troll Fighter began the quest for the Orb.
     0 | D:1      | Reached XP level 1. HP: 22/22 MP: 0/0
   126 | D:2      | Reached XP level 2. HP: 21/29 MP: 1/1
   161 | D:2      | Noticed Jessica
   171 | D:2      | Killed Jessica
   171 | D:2      | Reached skill level 3 in Unarmed Combat
   171 | D:2      | Reached XP level 3. HP: 30/36 MP: 2/2
   500 | D:3      | Found a faded altar of an unknown god.
   633 | D:3      | Reached XP level 4. HP: 45/45 MP: 3/3
   647 | D:3      | Reached skill level 4 in Unarmed Combat
   736 | D:4      | Noticed an ogre
   744 | D:4      | Killed an ogre
   744 | D:4      | Reached XP level 5. HP: 53/53 MP: 4/4
   844 | D:4      | HP: 18/53 [orc priest/divine providence (13)]
   852 | D:4      | HP: 7/53 [orc priest/nerve-wracking pain (11)]
   854 | D:4      | Killed from afar by an orc priest

Vault maps used:
D:1:      scummos_arrival_simple_crosswalls, kennysheep_doodads, minivault_25
D:2:      first_ration, grunt_dithmenos_smoke, uniq_jessica
D:3:      chequers_ecumenical_altar_simple
D:4:      minmay_temple_entry_glass

Skill      XL: |  1  2  3  4 |
---------------+-------------+-----
Unarmed Combat | 3 4 |  4.8
Fighting       | 3 |  3.5
Dodging        | |  2.4
Shields        | |  2.4

Action                   |  1- 3 |  4- 6 || total
-------------------------+-------+-------++-------
Melee: Unarmed           |    60 |    30 ||    90
  Use: Scroll            |       |     3 ||     3
  Eat: Chunk             |     9 |       ||     9
Armor: Robe              |    23 |    19 ||    42
Dodge: Dodged            |    21 |    12 ||    33
Block: Shield            |    24 |    27 ||    51

Table legend:
 A = Spawn XP
 B = Non-spawn XP
 C = Spawn XP percentage of total XP
 D = Spawn monster count
 E = Non-spawn monster count
 F = Spawn count percentage of total count
 G = Total turns spent on level
                    A         B        C        D         E        F      G
               +---------+---------+-------+---------+---------+-------+---------
         Total |       0 |     278 |   0.0 |       0 |      27 |   0.0 |   854
               +---------+---------+-------+---------+---------+-------+---------
           D:1 |       0 |       3 |   0.0 |       0 |       2 |   0.0 |    83
           D:2 |       0 |      67 |   0.0 |       0 |       7 |   0.0 |   320
           D:3 |       0 |      84 |   0.0 |       0 |      16 |   0.0 |   301
           D:4 |       0 |     124 |   0.0 |       0 |       2 |   0.0 |   150
               +---------+---------+-------+---------+---------+-------+---------
